 Dungeon Crawl Stone Soup version 0.20.0-15-g7f486f2 (console) character file.

80 horko the Stinger (level 4, 0/30 HPs)
             Began as a Demonspawn Venom Mage on June 22, 2017.
             Slain by a goblin
             ... wielding a +0 dagger
             ... led by Robin
              (5 damage)
             ... on level 3 of the Dungeon.
             The game lasted 00:02:52 (1388 turns).

horko the Stinger (Demonspawn Venom Mage)           Turns: 1388, Time: 00:02:53

Health: 0/30       AC:  4    Str:  8 (9)  XL:     4   Next: 18%
Magic:  5/7        EV: 18    Int: 17 (19) God:
Gold:   132        SH:  0    Dex: 17 (18) Spells: 6/7 levels left

rFire    . . .     SeeInvis .   d - +0 mace
rCold    . . .     Gourm    .   (no shield)
rNeg     . . .     Faith    .   a - +0 robe
rPois    .         Spirit   .   (no helmet)
rElec    .         Reflect  .   (no cloak)
rCorr    .         Harm     .   (no gloves)
MR       .....                  (no boots)
Stlth    +++.......             (no amulet)
Regen    0.1/turn               i - +2 ring of intelligence
MPRegen  0.1/turn               (no ring)

@: agile, flying
A: iridescent scales 1, foul stench 1, rot immunity
a: no special abilities


You were on level 3 of the Dungeon.
You were not hungry.

You visited 1 branch of the dungeon, and saw 3 of its levels.

You collected 132 gold pieces.

Inventory:

Hand Weapons
 d - a +0 mace (weapon)
 e - a +0 vampiric whip
Armour
 a - a +0 robe (worn)
Jewellery
 i - a +2 ring of intelligence (left hand)
Wands
 r - a wand of digging (13/24)
Scrolls
 g - 4 scrolls of identify {unknown}
 j - 2 scrolls of teleportation {unknown}
 k - 2 scrolls of remove curse {unknown}
 m - 3 scrolls of enchant armour {unknown}
 o - a scroll of enchant weapon {unknown}
Potions
 l - a potion of curing
 p - a potion of haste {unknown}
Books
 b - a Young Poisoner's Handbook

   Spells                             Type                      Level
   a - Sting                          Conjuration/Poison           1
   b - Poisonous Vapours              Poison/Air                   2
   c - Mephitic Cloud                 Conjuration/Poison/Air       3
   d - Olgreb's Toxic Radiance        Poison                       4
   e - Venom Bolt                     Conjuration/Poison           5
Comestibles
 c - 2 bread rations
 q - 3 chunks of flesh


   Skills:
 + Level 2.4 Dodging
 + Level 2.7 Stealth
 - Level 2.0 Spellcasting
 - Level 1.0 Conjurations
 * Level 4.1 Poison Magic


You had 6 spell levels left.
You knew the following spells:

 Your Spells              Type           Power        Failure   Level  Hunger
a - Sting                 Conj/Pois      ##..         7%          1    #......


Dungeon Overview and Level Annotations

Branches:
Dungeon (3/15)

Altars:

Annotations:
D:3 Robin


Innate Abilities, Weirdness & Mutations

You are partially covered in iridescent scales. (AC +2)
You may emit foul miasma when damaged in melee.
You are immune to rotting.


Message History

* * * LOW HITPOINT WARNING * * *
The goblin hits you but does no damage.
It was a potion of flight.
You feel very buoyant.
You fly up into the air.
The goblin closely misses you. x2
The goblin barely misses you. x2; The goblin hits you but does no damage.
Unknown command.
It was a potion of curing.
You feel better. The goblin closely misses you.
The goblin hits you with an uncursed club.
The goblin hits you.
* * * LOW HITPOINT WARNING * * *
The goblin misses you. The goblin barely misses you.
Unknown command.
It was a potion of agility.
You feel agile all of a sudden. The goblin completely misses you.
The goblin closely misses you. The goblin completely misses you.
The goblin hits you.
* * * LOW HITPOINT WARNING * * *
The goblin hits you with a dagger.
You die...

#......†....#... .
#.##.#.##÷..#.##.#
#. #.##.##.#...#.#
.###.##.#
#.#.......#
....>.†.#
#........#
####..###
#.##.#### #..<#
#.#.# #.#.# #gg#
#.#.# #@# . ..#


#ggg# ## ### #ggggg# #...ggg.# #.........# +.........+ #.........# ##.....!.##
You could see Robin, 2 hobgoblins and 10 goblins.

Vanquished Creatures
  3 adders
  A worm (D:2)
  A dart slug (D:2)
  A leopard gecko (D:3)
  2 giant cockroaches
  4 goblins
  5 hobgoblins
  8 jackals
  4 kobolds
  A quokka (D:2)
  3 ball pythons
  3 bats
  2 frilled lizards (D:1)
  7 rats
45 creatures vanquished.

Notes
Turn   | Place    | Note
-------+----------+-------------------------------------------
     0 | D:1      | horko the Demonspawn Venom Mage began the quest for the Orb.
     0 | D:1      | Reached XP level 1. HP: 13/13 MP: 3/3
   200 | D:1      | Gained mutation: You are partially covered in iridescent scales. (AC +2) [demonic ancestry]
   200 | D:1      | Reached XP level 2. HP: 16/19 MP: 1/5
   441 | D:1      | You fall through a shaft!
   696 | D:2      | Gained mutation: You are immune to rotting. [demonic ancestry]
   696 | D:2      | Reached XP level 3. HP: 24/24 MP: 2/6
  1184 | D:2      | Gained mutation: You may emit foul miasma when damaged in melee. [demonic ancestry]
  1184 | D:2      | Reached XP level 4. HP: 12/30 MP: 2/7
  1212 | D:2      | Reached skill level 4 in Poison Magic
  1377 | D:3      | Noticed Robin
  1388 | D:3      | Slain by a goblin

Skill      XL: |  1  2  3  4 |
---------------+-------------+-----
Dodging        | 2 |  2.4
Stealth        | 2 |  2.7
Poison Magic   | 4 |  4.1
Spellcasting   | |  2.0
Conjurations   | |  1.0

Action                   |  1- 3 |  4- 6 || total
-------------------------+-------+-------++-------
Melee: Mace              |    68 |    23 ||    91
 Cast: Sting             |    58 |    10 ||    68
Evoke: Wand              |       |     1 ||     1
  Use: Potion            |       |     4 ||     4
 Stab: Sleeping          |     1 |       ||     1
  Eat: Chunk             |     2 |     1 ||     3
Armor: Robe              |    20 |    16 ||    36
Dodge: Dodged            |    66 |    45 ||   111
